 Dungeon Crawl Stone Soup version 0.27.1-35-g4d5d836560 (webtiles) character file.

Game seed: 608984367062484344

1032 cbfl8 the Covered (level 8, -2/69 HPs)
             Began as a Minotaur Delver on Mar 18, 2022.
             Was an Initiate of Yredelemnul.
             Engulfed by a cloud of flame (23 damage)
             ... on level 4 of the Dungeon.
             The game lasted 00:12:59 (6075 turns).

cbfl8 the Covered (Minotaur Delver)                 Turns: 6075, Time: 00:13:00

Health: -2/69      AC: 11    Str: 17    XL:     8   Next: 3%
Magic:  7/7        EV:  8    Int:  7    God:    Yredelemnul [......]
Gold:   178        SH:  5    Dex: 14    Spells: 7/7 levels left

rFire    . . .     SeeInvis +   l - +0 mace
rCold    + . .     Faith    .   (no shield)
rNeg     . . .     Spirit   .   d - +0 chain mail
rPois    .         Reflect  +   (helmet restricted)
rElec    .         Harm     .   n - +0 cloak
rCorr    .         Rampage  .   (no gloves)
Will     .....                  (no boots)
Stlth    ..........             o - amulet of reflection
HPRegen  0.21/turn              j - ring of protection from cold
MPRegen  0.10/turn              x - ring of see invisible

@: no status effects
A: horns 2, retaliatory headbutt
a: Renounce Religion


You were on level 4 of the Dungeon.
You worshipped Yredelemnul.
Yredelemnul was noncommittal.
You visited 2 branches of the dungeon, and saw 7 of its levels.

You collected 200 gold pieces.
You spent 22 gold pieces at shops.

Inventory:

Hand Weapons
 a - a +0 hand axe
 l - a +0 mace (weapon)
Armour
 b - a +0 leather armour
 d - a +0 chain mail (worn)
 k - a +0 scale mail
 n - a +0 cloak (worn)
Jewellery
 j - a ring of protection from cold (left hand)
 o - an amulet of reflection (around neck)
 x - a ring of see invisible (right hand)
Wands
 g - a wand of digging (3)
 w - a wand of acid (6)
Scrolls
 c - a scroll of fog
 e - a scroll of fear
 i - 3 scrolls of magic mapping
 p - 3 scrolls of immolation
 r - a scroll of enchant weapon {unknown}
 t - a scroll of amnesia {unknown}
 v - a scroll of blinking {unknown}
 y - a scroll of vulnerability {unknown}
 z - 2 scrolls of enchant armour {unknown}
Potions
 f - a potion of haste
 h - 2 potions of attraction
 m - 2 potions of berserk rage {unknown}
 q - a potion of brilliance {unknown}
 s - a potion of cancellation {unknown}
 u - a potion of magic {unknown}


   Skills:
 + Level 5.4 Fighting
 + Level 1.7 Short Blades
 + Level 3.1(4.8) Axes
 + Level 5.8(6.2) Maces & Flails
 + Level 6.0 Armour
 + Level 3.2 Dodging
 + Level 4.7 Stealth
 + Level 2.3 Shields


You had 7 spell levels left.
You didn't know any spells.
Your spell library contained the following spells:

 Spells                   Type           Power      Damage    Failure   Level
 Animate Skeleton         Necr           0%         N/A       99%         1
 Apportation              Tloc           0%         N/A       99%         1
 Corona                   Hex            0%         N/A       99%         1
 Summon Small Mammal      Summ           0%         N/A       99%         1
 Sublimation of Blood     Necr           0%         N/A       100%        2
 Wereblood                Tmut           0%         N/A       100%        2
 Summon Hydra             Summ           0%         N/A       100%        7


Dungeon Overview and Level Annotations

Branches:
Dungeon (6/15)             Temple (1/1) D:5

Altars:
Ashenzari
Cheibriados
Gozag
Hepliaklqana
Kikubaaqudgha
Makhleb
Nemelex Xobeh
Okawaru
Qazlal
Ru
Sif Muna
Uskayaw
Vehumet
Wu Jian
Xom
Yredelemnul

Shops:
D:2 ?

Annotations:
D:3 3 runed translucent doors, Extell's ghost, amateur KoHu
D:6 Maggie


Innate Abilities, Weirdness & Mutations

You have a pair of horns on your head.
You reflexively headbutt those who attack you in melee.


Message History

Pikel is lightly wounded.
The lemure hits you but does no damage. The adder barely misses you.
You furiously retaliate!
You headbutt the adder. The lemure hits you but does no damage.
The adder barely misses you.
You sock Pikel!
Pikel is moderately wounded.
Pikel hits you with a +0 whip of electrocution.
You are electrocuted!
The adder closely misses you. You block the lemure's attack.
Pikel hits you with a +0 whip of electrocution.
Unknown command.
Okay, then.
Really read the scroll of immolation?
As you read the scroll of immolation, it crumbles to dust.
The creatures around you are filled with an inner flame!
The adder bites you but does no damage. The lemure closely misses you.
Pikel closely misses you. You furiously retaliate!
You headbutt Pikel!
Flame seeps out of Pikel.
The adder bites you but does no damage. The lemure hits you but does no damage.
The adder bites you but does no damage.
Pikel is engulfed in blazing flames.
Flame seeps out of Pikel.
The lemure hits you but does no damage.
Pikel is engulfed in blazing flames.
Yredelemnul accepts your kill.
With Pikel's spell broken, his former minions thank you for their freedom.
The lemure departs this earthly plane. x3
Pikel explodes!
Your Fighting skill increases to level 5!
Your base Maces & Flails skill increases to level 5!
Your Armour skill increases to level 6!
Your Shields skill increases to level 2!
You have reached level 8!
You feel stronger.
You hit the adder. Yredelemnul accepts your kill.
Yredelemnul seems mollified.
The adder explodes!
The fiery explosion engulfs you!
You are engulfed in blazing flames.
Unknown command.
You are engulfed in blazing flames.
You die...
Your body rises from the dead as a mindless zombie.

#.....# #.###. #.....#####.....
#.............## #...............
#.............## ###+#
#..§..........#
....##############..§..##########
...............§.§§§§............
...............§@§§)§...........>
....#################............
##### ############# # # ###


There were no monsters in sight!

Vanquished Creatures
  Pikel (D:4)
  A water moccasin (D:5)
  An ogre (D:5)
  A lemure (D:4)
  2 scorpions
  A water moccasin zombie (D:5)
  A water moccasin skeleton (D:4)
  A howler monkey (D:5)
  A hound (D:5)
  An iguana (D:5)
  A hound skeleton (D:5)
  3 adders
  6 orcs (D:5)
  7 endoplasms
  6 giant cockroaches
  5 goblins
  2 hobgoblins
  5 jackals (D:1)
  6 kobolds
  7 quokkas
  8 ball pythons
  2 bats
  2 frilled lizards (D:1)
  5 rats
76 creatures vanquished.

Vanquished Creatures (collateral kills)
  4 gnolls (D:5)
4 creatures vanquished.

Vanquished Creatures (others)
  2 fungi
  24 plants
26 creatures vanquished.

Grand Total: 106 creatures vanquished

Notes
Turn   | Place    | Note
-------+----------+-------------------------------------------
     0 | D:5      | cbfl8 the Minotaur Delver began the quest for the Orb.
     0 | D:5      | Reached XP level 1. HP: 19/19 MP: 0/0
    77 | D:4      | Noticed a scorpion
   154 | D:2      | Reached XP level 2. HP: 13/27 MP: 1/1
  1114 | D:1      | Reached skill level 1 in Armour
  1114 | D:1      | Reached XP level 3. HP: 23/26 MP: 2/2
  1311 | D:1      | Found a faded altar of an unknown god.
  1828 | D:2      | Found Ygiowai's Magic Scroll Shoppe.
  1858 | D:2      | Bought a scroll of identify for 22 gold pieces
  2606 | D:3      | Found a sparkling altar of Nemelex Xobeh.
  2606 | D:3      | Found an opulent altar of Gozag.
  2625 | D:3      | Noticed a kobold brigand
  2626 | D:3      | Found a runed translucent gate.
  2626 | D:3      | Noticed Extell's ghost (amateur KoHu)
  2627 | D:3      | Found a runed translucent gate.
  2630 | D:3      | Found a runed translucent gate.
  2723 | D:3      | Reached skill level 1 in Maces & Flails
  2866 | D:3      | Reached XP level 4. HP: 36/40 MP: 3/3
  3239 | D:4      | Killed a scorpion
  3240 | D:4      | Reached skill level 2 in Armour
  3380 | D:4      | Reached XP level 5. HP: 45/46 MP: 4/4
  3383 | D:4      | Noticed a lemure
  3386 | D:4      | Noticed a lemure
  3387 | D:4      | Noticed Pikel
  3387 | D:4      | Noticed a lemure
  3389 | D:4      | Noticed a lemure
  3390 | D:4      | Killed a lemure
  3762 | D:5      | Reached skill level 1 in Shields
  3968 | D:5      | Reached skill level 3 in Armour
  3979 | D:5      | Noticed a water moccasin
  3993 | D:5      | Found a staircase to the Ecumenical Temple.
  3998 | Temple   | Entered the Ecumenical Temple
  4378 | Temple   | Became a worshipper of Yredelemnul the Dark
  4713 | D:5      | Noticed an ogre
  4722 | D:5      | Killed an ogre
  4723 | D:5      | Reached XP level 6. HP: 21/53 MP: 5/5
  4924 | D:5      | Reached skill level 4 in Armour
  5034 | D:5      | Killed a water moccasin
  5503 | D:5      | Reached skill level 5 in Armour
  5503 | D:5      | Reached XP level 7. HP: 57/60 MP: 6/6
  5555 | D:5      | Identified the +6 rapier of Kismet {holy, Fragile +Blink
                  | Int+3 Stlth+}
  5587 | D:5      | Was placed under penance by Yredelemnul
  5757 | D:5      | Found a snail-covered altar of Cheibriados.
  5898 | D:6      | Noticed Maggie
  6039 | D:4      | Reached skill level 1 in Short Blades
  6072 | D:4      | Killed Pikel
  6073 | D:4      | Reached skill level 5 in Fighting
  6073 | D:4      | Reached skill level 5 in Maces & Flails
  6073 | D:4      | Reached skill level 6 in Armour
  6073 | D:4      | Reached XP level 8. HP: 32/69 MP: 7/7
  6074 | D:4      | Was forgiven by Yredelemnul
  6075 | D:4      | Engulfed by a cloud of flame

Illustrated notes

Levels and vault maps discovered:
D:1:      minmay_arrival_four_houses, layout_basic,
          shapermc_ecumenical_altar_ellora
D:2:      layout_loops_ring, serial_shops, shop
D:3:      layout_rooms, grunt_temple_overflow_opulence,
          gammafunk_ghost_nasty_kobolds, grunt_ministairs_9,
          nrook_mini_backslash, serial_bayou_lagoon_a
D:4:      layout_basic, lemuel_tele_altar, uniq_pikel
D:5:      layout_basic, mainiacjoe_overflow_brackets, temple_doors_e,
          amcnicky_mini_rare_corridor_liquid, palyth_stone_intersect,
          minmay_strange_pillars
D:6:      layout_rooms, grunt_dithmenos_smoke_and_mirrors, uniq_maggie
Temple:   nicolae_temple_figure_eight

Skill      XL: |  1  2  3  4  5  6  7 |
---------------+----------------------+-----
Armour         | 1 2 3 5 6 |  6.0
Axes           | 3 |  3.1
Maces & Flails | 1 2 3 4 5 |  5.8
Fighting       | 4 5 |  5.4
Shields        | 1 2 |  2.3
Dodging        | 3 |  3.2
Short Blades   | 1 |  1.7
Stealth        | |  4.7

Action                   |  1- 3 |  4- 6 |  7- 9 || total
-------------------------+-------+-------+-------++-------
Melee: Hand axe          |    47 |       |       ||    47
       Headbutt          |    19 |    19 |     3 ||    41
       Mace              |    83 |    75 |    15 ||   173
       Rapier            |       |       |     1 ||     1
  Use: Scroll            |     3 |     5 |     1 ||     9
       Potion            |       |     3 |       ||     3
 Stab: Sleeping          |     4 |       |       ||     4
Armor: Leather armour    |    21 |       |       ||    21
       Scale mail        |    33 |    15 |       ||    48
       Chain mail        |       |    26 |    21 ||    47
Dodge: Dodged            |    75 |    47 |    11 ||   133
Block: Other             |    13 |    30 |     3 ||    46
       Reflection        |       |     1 |       ||     1
